 Dungeon Crawl Stone Soup version 0.21.1-1-g345015f (webtiles) character file.

219 kae the Insei (level 5, 0/42 HPs)
             Began as a Draconian Transmuter on May 15, 2018.
             Slain by Grinder (5 damage)
             ... on level 3 of the Dungeon.
             The game lasted 00:03:22 (2846 turns).

kae the Insei (Draconian Transmuter)                Turns: 2846, Time: 00:03:22

Health: 0/42       AC:  5    Str: 12    XL:     5   Next: 63%
Magic:  1/9        EV: 12    Int: 14    God:
Gold:   120        SH:  0    Dex: 12    Spells: 3/9 levels left

rFire    . . .     SeeInvis .     - Unarmed
rCold    . . .     Gourm    .   (no shield)
rNeg     . . .     Faith    .   (armour unavailable)
rPois    .         Spirit   .   (helmet restricted)
rElec    .         Reflect  .   (no cloak)
rCorr    .         Harm     .   (no gloves)
MR       .....                  (no boots)
Stlth    +.........             (no amulet)
HPRegen  0.14/turn              (no ring)
MPRegen  0.11/turn              (no ring)

@: no status effects
A: unfitting armour, cold-blooded, AC +5
a: no special abilities


You were on level 3 of the Dungeon.
You were hungry.

You visited 1 branch of the dungeon, and saw 3 of its levels.

You collected 120 gold pieces.

Inventory:

Missiles
 a - 23 arrows
Jewellery
 d - an uncursed amulet of faith {unknown}
Scrolls
 e - a scroll of remove curse {unknown}
 f - 2 scrolls of teleportation
Potions
 l - a potion of brilliance {unknown}
 n - a potion of mutation {unknown}
 o - a potion of degeneration {unknown}
Books
 b - a book of Changes

   Spells                             Type                      Level
   a - Beastly Appendage              Transmutation                1
   b - Sticks to Snakes               Transmutation                2
   c - Spider Form                    Transmutation/Poison         3
   d - Ice Form                       Ice/Transmutation            4
   e - Blade Hands                    Transmutation                5
Comestibles
 c - 3 rations


   Skills:
 + Level 2.5 Fighting
 - Level 1.7 Dodging
 * Level 4.3 Unarmed Combat
 + Level 2.9 Spellcasting
 * Level 3.8 Transmutations


You had 3 spell levels left.
You knew the following spells:

 Your Spells              Type           Power        Failure   Level  Hunger
a - Beastly Appendage     Tmut           ##....       4%          1    #......
b - Sticks to Snakes      Tmut           ##......     7%          2    ##.....
c - Spider Form           Tmut/Pois      #.........   30%         3    ###....


Dungeon Overview and Level Annotations

Branches:
Dungeon (3/15)

Altars:
Cheibriados
Hepliaklqana
Vehumet
Wu Jian

Annotations:
D:3 Grinder


Innate Abilities, Weirdness & Mutations

Your plain brown scales are hard. (AC +5)
You cannot fit into any form of body armour.
You are cold-blooded and may be slowed by cold attacks.


Message History

Grinder closely misses you.
Your ball python bites Grinder.
Your ball python constricts Grinder.
It was a potion of curing.
You feel better. Grinder hits your ball python.
Your ball python dies!
Grinder shouts!
You punch Grinder! You tail-slap Grinder.
Grinder is almost dead.
Grinder says, "Don't move a muscle."
Grinder gestures at you.
You barely resist. You hit Grinder but do no damage.
Grinder is almost dead.
Grinder closely misses you.
You closely miss Grinder.
Grinder is almost dead.
Your ball python is no longer paralysed.
Grinder hits you!
* * * LOW HITPOINT WARNING * * *
You writhe in agony.
You die...

....####..#.##........(.(.###
.......................##....
#.#######.#.##.#.....#.######
#...#####.......# #... #..
##.##...##...#### #.## .8.
#.#.8.8.##.## #.# .._.
#.#S._..##.# #.#
.8...#.#5.S8.#..# #.#
#...'#.#'@..##.## ##.##
#####..†#####..# ##...#
......⌠........# #.#...
#####...#####.## ##.#.#
#...'#.#'...### ##.##
.8...#.#...8.# ### .._.
#.#.._..# ## .8. #.#.8.8.# #.
#.. #.##...## #.


You could see Grinder and 2 friendly ball pythons.

Vanquished Creatures
  An ogre (D:3)
  6 adders
  An ooze (D:1)
  2 worms (D:2)
  2 dart slugs
  4 leopard geckos
  3 orcs (D:3)
  A ball python (D:1)
  A bat (D:1)
  8 giant cockroaches
  6 goblins
  5 hobgoblins
  2 jackals (D:2)
  8 kobolds
  5 frilled lizards
  8 rats
63 creatures vanquished.

Vanquished Creatures (collateral kills)
  A jackal (D:2)
1 creature vanquished.

Grand Total: 64 creatures vanquished

Notes
Turn   | Place    | Note
-------+----------+-------------------------------------------
     0 | D:1      | kae the Draconian Transmuter began the quest for the Orb.
     0 | D:1      | Reached XP level 1. HP: 16/16 MP: 3/3
   147 | D:1      | Reached XP level 2. HP: 23/23 MP: 3/5
   501 | D:1      | Reached XP level 3. HP: 14/28 MP: 2/6
  1497 | D:1      | Reached XP level 4. HP: 35/36 MP: 5/7
  1532 | D:1      | Learned a level 2 spell: Sticks to Snakes
  1536 | D:1      | Learned a level 3 spell: Spider Form
  1866 | D:2      | Reached skill level 4 in Unarmed Combat
  2503 | D:3      | Noticed an ogre
  2711 | D:3      | Killed an ogre
  2711 | D:3      | Reached XP level 5. HP: 42/42 MP: 3/9
  2803 | D:3      | Found a radiant altar of Vehumet.
  2803 | D:3      | Found an ornate altar of the Wu Jian Council.
  2815 | D:3      | Found a snail-covered altar of Cheibriados.
  2815 | D:3      | Found a hazy altar of Hepliaklqana.
  2816 | D:3      | Noticed Grinder
  2825 | D:3      | Paralysed by Grinder for 4 turns
  2846 | D:3      | Slain by Grinder

Skill      XL: |  1  2  3  4 |
---------------+-------------+-----
Transmutations | 3 |  3.8
Fighting       | 2 |  2.5
Unarmed Combat | 4 |  4.3
Dodging        | |  1.7
Spellcasting   | |  2.9

Action                   |  1- 3 |  4- 6 || total
-------------------------+-------+-------++-------
Melee: Unarmed           |   109 |   116 ||   225
       Tailslap          |    16 |     9 ||    25
       Kick              |     4 |     1 ||     5
       Headbutt          |     4 |       ||     4
       Punch             |     2 |       ||     2
 Cast: Beastly Appendage |    13 |     3 ||    16
       Sticks to Snakes  |       |     8 ||     8
       Spider Form       |       |     2 ||     2
  Use: Potion            |     1 |     4 ||     5
       Scroll            |       |     5 ||     5
 Stab: Sleeping          |     1 |       ||     1
  Eat: Chunk             |     2 |     5 ||     7
Armor: Skin              |    34 |    36 ||    70
Dodge: Dodged            |    88 |    94 ||   182
